[Event "Monday Night Engine Tour 11 Rd Swiss 5m+1s Starts at 2200hrs ST"]
[Site "Infinity Chess"]
[Date "2018.4.17"]
[Round "10"]
[White "koalachess"]
[Black "Deep_Impact"]
[Result "1/2-1/2"]
[ECO "D30"]
[WhiteElo "2359"]
[BlackElo "2530"]
[WhiteEngine "asmFishW_2018-02-02_popcnt_CTG"]
[BlackEngine "asmFishW_2018-04-07_bmi2"]
[EventType "Swiss"]
[WhiteTeam ""]
[BlackTeam ""]
[PlyCount "100"]
[TimeControl "300+1"]

1. d4 d5 2. c4 e6 3. Nf3 Nf6 4. Nc3 c6 5. Bg5 h6 6. Bh4 dxc4 7. e4 g5 8. Bg3 b5 
9. Be2 Bb7 10. O-O Nbd7 11. Ne5 Bg7 12. Nxd7 Nxd7 13. Bd6 a6 14. a4 b4 
15. Bxb4 Qb6 16. Ba3 Qxd4 17. Qc2 c5 18. Rad1 Qe5 19. Bxc4 Qc7 20. Ne2 Be5 
21. Kh1 Nf6 22. Bd3 Rc8 23. b3 h5 24. h3 Rg8 25. f3 g4 26. Qc1 Qe7 27. Qe3 Nd7 
28. f4 Bc7 29. f5 exf5 30. Rxf5 gxh3 31. Qxh3 Ne5 32. Nc3 Rd8 33. Nd5 Bxd5 
34. exd5 h4 35. Rh5 Rxd5 36. Bb5+ axb5 37. Rxd5 Ng4 38. Qxh4 Qe2 39. Bxc5 Qf1+ 
40. Bg1 Bb6 41. Rhe5+ Nxe5 42. Rxe5+ Kd7 43. Qe7+ Kc8 44. Rc5+ Bxc5 
45. Qxc5+ Kb7 46. Qb6+ Kc8 47. Qc5+ Kb7 48. Qb6+ Kc8 49. Qc6+ Kb8 50. Qb6+ Kc8 
1/2-1/2

[Event "Monday Night Engine Tour 11 Rd Swiss 5m+1s Starts at 2200hrs ST"]
[Site "Infinity Chess"]
[Date "2018.4.17"]
[Round "10"]
[White "KRAKEN"]
[Black "incredible"]
[Result "1-0"]
[ECO "A43"]
[WhiteElo "2575"]
[BlackElo "2470"]
[WhiteEngine "Raubfisch X38b_CTG"]
[BlackEngine "stockfish_18041408_x64_bmi2"]
[EventType "Swiss"]
[WhiteTeam ""]
[BlackTeam ""]
[PlyCount "181"]
[TimeControl "300+1"]

1. d4 c5 2. d5 Nf6 3. Nc3 d6 4. e4 e6 5. Bc4 Be7 6. Nge2 exd5 7. Bxd5 Nc6 
8. O-O O-O 9. Nf4 Re8 10. Bc4 Bd7 11. f3 Ne5 12. Be2 Ng6 13. Nxg6 hxg6 
14. Bc4 Bc6 15. a4 Nd7 16. a5 Ne5 17. Bd5 a6 18. Kh1 Bxd5 19. Nxd5 Bh4 
20. f4 Nd7 21. Qf3 Nf6 22. Nc3 d5 23. g3 d4 24. Ne2 Nxe4 25. gxh4 Qxh4 26. f5 g5 
27. Ra3 f6 28. Rd3 Rad8 29. Kg1 Nd6 30. Ng3 Re5 31. b3 Kh7 32. Bd2 Rd7 
33. Be1 Nf7 34. Ne2 Qe4 35. Qxe4 Rxe4 36. Nc3 Rf4 37. Rxf4 gxf4 38. Ne2 Rd5 
39. Rh3+ Kg8 40. Nxf4 Rxf5 41. Ng6 Rg5+ 42. Rg3 Rh5 43. Rg2 Nd6 44. Nf4 Re5 
45. Re2 Rf5 46. Ne6 Kh8 47. Bg3 Nb5 48. h4 Nc3 49. Rg2 c4 50. bxc4 Rxa5 
51. Bc7 Ra1+ 52. Kh2 a5 53. Rxg7 Rc1 54. Rg4 Rxc2+ 55. Kg3 Re2 56. Nxd4 Re4 
57. Bd8 Kh7 58. Bxf6 Rxg4+ 59. Kxg4 Ne4 60. Bg5 Nd6 61. c5 Nc4 62. Nb5 Ne5+ 
63. Kf5 Nd7 64. Be3 a4 65. h5 Nb8 66. Ke6 Na6 67. Kd5 Kg7 68. Bc1 Nb4+ 
69. Ke4 Na6 70. Kd4 Nb4 71. Nd6 Nc6+ 72. Kd5 Nb4+ 73. Kc4 Na6 74. Nxb7 Nc7 
75. c6 Na8 76. Kb4 Nc7 77. Nd6 Kf6 78. Kxa4 Ke7 79. Ne4 Nd5 80. h6 Kf7 
81. Ng5+ Kg6 82. h7 Kg7 83. Bb2+ Kg6 84. h8=Q Kxg5 85. Qe5+ Kg4 86. Qxd5 Kg3 
87. c7 Kf2 88. c8=Q Ke3 89. Bd4+ Kd2 90. Qf3 Ke1 91. Bc3# 1-0

[Event "Monday Night Engine Tour 11 Rd Swiss 5m+1s Starts at 2200hrs ST"]
[Site "Infinity Chess"]
[Date "2018.4.17"]
[Round "10"]
[White "Victorious"]
[Black "star99"]
[Result "0-1 "]
[ECO "C50"]
[WhiteElo "2601"]
[BlackElo "2490"]
[WhiteEngine "asmFishW_9_popcnt"]
[BlackEngine "Cryptic Heroes 9.4B"]
[EventType "Swiss"]
[WhiteTeam ""]
[BlackTeam ""]
[PlyCount "204"]
[TimeControl "300+1"]

1. e4 e5 2. Nf3 Nc6 3. Bc4 Bc5 4. O-O d6 5. c3 Nf6 6. d3 a5 7. Re1 Ba7 
8. Nbd2 O-O 9. Nf1 Be6 10. Bb5 Ne7 11. d4 exd4 12. Nxd4 Ng6 13. Ba4 c6 
14. Bc2 Bg4 15. f3 Bd7 16. Ng3 Re8 17. f4 b5 18. h3 b4 19. Kh1 Rb8 20. f5 Ne5 
21. Bg5 Nfg4 22. Qd2 Nc4 23. Qc1 bxc3 24. bxc3 f6 25. hxg4 fxg5 26. Bb3 Rxb3 
27. axb3 Ne5 28. Qd1 Bb6 29. Nf1 h5 30. Ne3 Qe7 31. Qe2 hxg4 32. Nc4 Nxc4 
33. bxc4 Bxd4 34. cxd4 Bxf5 35. e5 Qd8 36. Qf2 Rf8 37. Qe3 dxe5 38. dxe5 Be6 
39. Red1 Qb8 40. Qxg5 Qb2 41. Rxa5 Qe2 42. Raa1 Rf5 43. Qg6 Qxe5 44. Rd8+ Rf8 
45. Rad1 c5 46. Qd3 Rxd8 47. Qxd8+ Kh7 48. Qh4+ Kg6 49. Re1 Qd6 50. Kg1 Qd4+ 
51. Qf2 Qxf2+ 52. Kxf2 Bxc4 53. Re5 Kf6 54. Rxc5 g3+ 55. Kxg3 Bf1 56. Rc6+ Kg5 
57. Rc5+ Kh6 58. Rf5 Bd3 59. Re5 Bf1 60. Re1 Bc4 61. Kg4 Bd5 62. g3 Kg6 
63. Re5 Bc4 64. Rg5+ Kh7 65. Ra5 Be2+ 66. Kf4 Bd3 67. Rd5 Bc2 68. Rd2 Bb1 
69. Rd6 Kg8 70. Rc6 Kh8 71. Rb6 Bc2 72. Rb2 Bd3 73. Kg4 Bg6 74. Kg5 Bd3 
75. Rb7 Kh7 76. Re7 Kg8 77. Rc7 Kh7 78. Rd7 Bc2 79. Rd6 Kg8 80. Kg4 Bb1 
81. Rd1 Bg6 82. Ra1 Bd3 83. Rh1 Kf7 84. Rh2 Kg6 85. Rh8 Kf6 86. Kh4 Be4 
87. Kg4 Bf5+ 88. Kh4 Kg6 89. Rf8 Be6 90. Ra8 Kh6 91. Ra5 Bd7 92. Re5 Ba4 
93. Re6+ Kh7 94. Re3 Bc6 95. Re2 Kg8 96. Rb2 Be4 97. Kg4 Bg6 98. Rb8+ Kh7 
99. Rb2 Bd3 100. Rb4 Kh6 101. Rb2 Kg6 102. Ra2 Kf7 0-1

[Event "Monday Night Engine Tour 11 Rd Swiss 5m+1s Starts at 2200hrs ST"]
[Site "Infinity Chess"]
[Date "2018.4.17"]
[Round "10"]
[White "Thor"]
[Black "Murx"]
[Result "1/2-1/2"]
[ECO "D02"]
[WhiteElo "2526"]
[BlackElo "2589"]
[WhiteEngine "asmFishW_2018-04-08_bmi2"]
[BlackEngine "asmFishW_2018-04-07_popcnt"]
[EventType "Swiss"]
[WhiteTeam ""]
[BlackTeam ""]
[PlyCount "124"]
[TimeControl "300+1"]

1. d4 d5 2. Nf3 Nf6 3. c4 e6 4. Nc3 c6 5. Bg5 h6 6. Bxf6 Qxf6 7. e3 Nd7 
8. Bd3 g6 9. e4 dxe4 10. Nxe4 Qg7 11. O-O Be7 12. Re1 O-O 13. Qd2 Rd8 
14. Rad1 c5 15. Nxc5 Nxc5 16. dxc5 Bxc5 17. Ne5 a5 18. Qf4 Rd4 19. Qg3 Bd6 
20. c5 Bxe5 21. Rxe5 Rd8 22. Re2 Bd7 23. Red2 Bc6 24. Bf1 Rxd2 25. Rxd2 Qf6 
26. Qe3 Qf5 27. a3 a4 28. h4 Qb1 29. Qd4 e5 30. Rd1 Qc2 31. Rd2 Qb1 32. Rd1 Qc2 
33. Rd2 Qf5 34. Qb4 Qb1 35. h5 gxh5 36. Rd3 Re8 37. Rg3+ Kh7 38. Qh4 Qf5 
39. Be2 Rg8 40. Rxg8 Kxg8 41. Qxh5 Qg6 42. Qh3 Qg5 43. Bf3 e4 44. Be2 Qc1+ 
45. Bf1 Kg7 46. Qg3+ Kh7 47. Qe5 Qg5 48. Qd6 Kg8 49. Kh2 e3 50. fxe3 Qxe3 
51. Qg3+ Qg5 52. Bd3 Qxg3+ 53. Kxg3 Kg7 54. Bc2 Kf6 55. Kf4 Ke6 56. g3 Kd5 
57. b4 axb3 58. Bxb3+ Kd4 59. Bxf7 Kxc5 60. Be6 b5 61. Bf5 b4 62. axb4+ Kxb4 
1/2-1/2

[Event "Monday Night Engine Tour 11 Rd Swiss 5m+1s Starts at 2200hrs ST"]
[Site "Infinity Chess"]
[Date "2018.4.17"]
[Round "9"]
[White "incredible"]
[Black "OlivierEvan"]
[Result "1-0"]
[ECO "A20"]
[WhiteElo "2455"]
[BlackElo "2422"]
[WhiteEngine "stockfish_18041408_x64_bmi2"]
[BlackEngine "Houdini 6"]
[EventType "Swiss"]
[WhiteTeam ""]
[BlackTeam ""]
[PlyCount "218"]
[TimeControl "300+1"]

1. c4 e5 2. h3 Nc6 3. Nc3 Nf6 4. e3 d5 5. cxd5 Nxd5 6. Nf3 Be7 7. Bb5 O-O 
8. Bxc6 bxc6 9. Nxe5 Bf6 10. Nxc6 Qd6 11. Qf3 Nxc3 12. bxc3 Be6 13. Nd4 Bd5 
14. Ba3 c5 15. Qf5 Rfc8 16. O-O g6 17. Qg4 Qa6 18. Nc2 Bg7 19. Rfb1 f5 
20. Qd1 Be4 21. Bb2 Rd8 22. f3 Bd3 23. a4 f4 24. Rc1 fxe3 25. Nxe3 Qd6 
26. Kh1 h5 27. Ra2 Rab8 28. Ba3 Qe6 29. Raa1 Rbc8 30. Qg1 Bf6 31. a5 Qd7 
32. Nd1 Bg5 33. Bxc5 Bxd2 34. Bd4 Qc7 35. Qf2 Bxc1 36. Rxc1 Rd7 37. Nb2 Bb5 
38. Qe3 Kh7 39. Re1 Qg3 40. Be5 Qh4 41. Rd1 Qe7 42. Rd4 Rc6 43. f4 Ra6 
44. c4 Bc6 45. Rxd7 Bxd7 46. Qd2 Rc6 47. Nd1 Be6 48. Nc3 Rxc4 49. Kh2 Qd7 
50. Qf2 a6 51. Qh4 Qf7 52. Qd8 Rc8 53. Qd3 Rc5 54. Qd4 Rc4 55. Qd6 Qf5 
56. Kh1 Kh6 57. Kg1 Kh7 58. Ne2 Qf7 59. Qxa6 Qd7 60. Qb6 Rc6 61. Qb2 Rc5 
62. a6 Bd5 63. Kh2 Rc8 64. Nd4 Ra8 65. Qb6 Rg8 66. Qc5 Rd8 67. Qa3 Re8 
68. Nf3 Qc6 69. a7 Qd7 70. Ng5+ Kh6 71. Qd3 Bc6 72. Qe3 Qd5 73. Nf3 Kh7 
74. Qc1 Kg8 75. Qb1 Kf7 76. Qb8 h4 77. a8=Q Bxa8 78. Ng5+ Kf8 79. Nh7+ Kf7 
80. Ng5+ Kf8 81. Bd6+ Kg7 82. Qc7+ Kf6 83. Nf3 Bc6 84. Be5+ Rxe5 85. fxe5+ Ke6 
86. Qg7 Qd3 87. Qf6+ Kd7 88. Nxh4 Be4 89. Nf3 Kc8 90. Ng5 Ba8 91. Nf7 Bd5 
92. e6 Qd2 93. Qxg6 Qf4+ 94. Qg3 Qxg3+ 95. Kxg3 Bxe6 96. Nd6+ Kd8 97. Kf4 Kd7 
98. Ne4 Bf7 99. h4 Bc4 100. h5 Ke7 101. g4 Kf8 102. g5 Kg7 103. Nd6 Be2 
104. Nf5+ Kf7 105. Ng3 Bd3 106. Ke5 Bb1 107. Nf5 Ba2 108. g6+ Kg8 109. h6 Kh8 
1-0

[Event "Monday Night Engine Tour 11 Rd Swiss 5m+1s Starts at 2200hrs ST"]
[Site "Infinity Chess"]
[Date "2018.4.17"]
[Round "9"]
[White "RonWeasley"]
[Black "Deep_Impact"]
[Result "1/2-1/2"]
[ECO "D30"]
[WhiteElo "2516"]
[BlackElo "2531"]
[WhiteEngine "BrainFish 090218_CTG"]
[BlackEngine "asmFishW_2018-04-07_bmi2"]
[EventType "Swiss"]
[WhiteTeam ""]
[BlackTeam ""]
[PlyCount "113"]
[TimeControl "300+1"]

1. d4 d5 2. c4 e6 3. Nf3 Nf6 4. Nc3 Be7 5. Bf4 O-O 6. e3 Nbd7 7. c5 Ne4 
8. Bd3 f5 9. Ne2 c6 10. b4 b6 11. O-O g5 12. Bg3 Nxg3 13. Nxg3 g4 14. Nd2 Qc7 
15. Qc2 Nf6 16. Rab1 Rb8 17. Nb3 bxc5 18. bxc5 Bd7 19. Ne2 Ne4 20. f3 gxf3 
21. gxf3 Bg5 22. Kh1 Bxe3 23. fxe4 fxe4 24. Bxe4 dxe4 25. Qxe4 Bh6 26. Ng3 e5 
27. Nf5 Bg5 28. Qg4 Qd8 29. Rbe1 Kh8 30. Qe4 Bf4 31. Rxf4 exf4 32. Ne7 Rf6 
33. Qe5 Qf8 34. Rf1 Re8 35. Rxf4 Qxe7 36. Rxf6 Qxe5 37. dxe5 Rxe5 38. Kg1 Kg7 
39. Rd6 Be8 40. Kf2 Rf5+ 41. Kg3 Rg5+ 42. Kf4 Rh5 43. Nd4 Rxh2 44. Nxc6 Bxc6 
45. Rxc6 Rxa2 46. Ke5 Re2+ 47. Kd6 Kf6 48. Kd7+ Kg5 49. Ra6 h5 50. c6 Rd2+ 
51. Ke6 Re2+ 52. Kd5 Rd2+ 53. Kc4 h4 54. Rxa7 h3 55. Ra1 Kf4 56. Ra7 h2 57. Rh7 
1/2-1/2

[Event "Monday Night Engine Tour 11 Rd Swiss 5m+1s Starts at 2200hrs ST"]
[Site "Infinity Chess"]
[Date "2018.4.17"]
[Round "9"]
[White "ocirema"]
[Black "Victorious"]
[Result "0-1"]
[ECO "C50"]
[WhiteElo "2477"]
[BlackElo "2589"]
[WhiteEngine "asmFishW_2018-04-11_popcnt_CTG"]
[BlackEngine "asmFishW_9_popcnt"]
[EventType "Swiss"]
[WhiteTeam ""]
[BlackTeam ""]
[PlyCount "134"]
[TimeControl "300+1"]

1. e4 e5 2. Nf3 Nc6 3. Bc4 Bc5 4. O-O Nf6 5. d3 d6 6. c3 a5 7. Re1 O-O 
8. Nbd2 h6 9. Nf1 Be6 10. Bb5 Bb6 11. h3 Ne7 12. Ng3 Nd7 13. d4 f5 14. Bxd7 Qxd7 
15. dxe5 fxe4 16. Nxe4 d5 17. Ng3 Rxf3 18. gxf3 Rf8 19. Be3 c5 20. f4 Bxh3 
21. Qd3 Qg4 22. Qe2 Qe6 23. Red1 g5 24. fxg5 Bg4 25. Qb5 Bf3 26. Kf1 Nf5 
27. Nxf5 Rxf5 28. Rd4 hxg5 29. Ke1 Rxe5 30. Kd2 cxd4 31. cxd4 Re4 32. Rg1 g4 
33. Qd3 Qf6 34. Kc3 Kf7 35. a4 Kg8 36. Rg3 Kf8 37. Rg1 Bxd4+ 38. Bxd4 Qc6+ 
39. Kb3 Be2 40. Qc3 Bc4+ 41. Kc2 Qxa4+ 42. b3 Bxb3+ 43. Kb1 Rxd4 44. Qc8+ Ke7 
45. Qc7+ Ke6 46. Re1+ Re4 47. Qc8+ Kf6 48. Rxe4 Qa2+ 49. Kc1 Qa1+ 50. Kd2 Qd1+ 
51. Ke3 Qe1+ 52. Kf4 Qxe4+ 53. Kg3 d4 54. Qd8+ Kg6 55. Qd6+ Be6 56. Kh2 d3 
57. Kg1 Qe1+ 58. Kg2 d2 59. Qd3+ Bf5 60. Qd6+ Kh5 61. Qd5 Qe4+ 62. Qxe4 Bxe4+ 
63. Kg3 Kg5 64. f4+ gxf3 65. Kf2 Kf4 66. Kg1 Kg3 67. Kf1 d1=Q# 0-1

[Event "Monday Night Engine Tour 11 Rd Swiss 5m+1s Starts at 2200hrs ST"]
[Site "Infinity Chess"]
[Date "2018.4.17"]
[Round "9"]
[White "KRAKEN"]
[Black "Dovahkiin"]
[Result "1/2-1/2"]
[ECO "D30"]
[WhiteElo "2582"]
[BlackElo "2404"]
[WhiteEngine "Raubfisch X38b_CTG"]
[BlackEngine "Raubfisch ME262_GTZ16f_CTG"]
[EventType "Swiss"]
[WhiteTeam ""]
[BlackTeam ""]
[PlyCount "202"]
[TimeControl "300+1"]

1. d4 d5 2. c4 e6 3. Nf3 Nf6 4. Nc3 c6 5. Bg5 h6 6. Bxf6 Qxf6 7. e3 Nd7 
8. Be2 g6 9. O-O Bg7 10. cxd5 exd5 11. b4 a6 12. a4 O-O 13. b5 Qd6 14. Qb3 a5 
15. Rfc1 Rd8 16. Rab1 Nf8 17. Qd1 Ne6 18. bxc6 bxc6 19. Rb6 Bd7 20. Rcb1 Qf8 
21. Ba6 Rab8 22. Qb3 Rxb6 23. Qxb6 Qa3 24. Rb3 Qc1+ 25. Bf1 Qc2 26. Ne1 Qc1 
27. Nd3 Qc2 28. Nf4 Bf8 29. Nxe6 Bxe6 30. Qxd8 Qxb3 31. Qxa5 Bf5 32. Ne2 Qd1 
33. Qc7 Qxa4 34. Nf4 Qc2 35. h4 Qc1 36. Qe5 Qa3 37. Qe8 Qd6 38. Nd3 Qe6 
39. Qxe6 Bxe6 40. Be2 Bc8 41. Nc5 g5 42. hxg5 hxg5 43. Bd1 Kg7 44. Ba4 Bxc5 
45. dxc5 Bb7 46. f4 Kf6 47. Kf2 Kf5 48. Kf3 Kg6 49. g3 f6 50. Bc2+ Kf7 
51. Bd3 Bc8 52. f5 Bd7 53. g4 Ke7 54. Ke2 Kd8 55. Kd1 Kc7 56. Kc2 Be8 
57. Be2 Bf7 58. Kc3 Be8 59. Kb4 Bf7 60. Bf1 Be8 61. Ka5 Bd7 62. Ka4 Be8 
63. Kb3 Bf7 64. Kb2 Be8 65. Kc3 Kb7 66. Be2 Kb8 67. Kb3 Kc7 68. Bf3 Bd7 
69. Kb4 Be8 70. Be2 Bd7 71. Ka5 Be8 72. Bd3 Bd7 73. Bf1 Bc8 74. Kb4 Bd7 
75. Bd3 Bc8 76. Be2 Bd7 77. Bf3 Bc8 78. Ka5 Bd7 79. Bd1 Be8 80. Be2 Bd7 
81. Ka4 Kb7 82. Bd3 Kc7 83. Ba6 Bc8 84. Be2 Bd7 85. Bd3 Be8 86. Ka3 Bd7 
87. Ka4 Bc8 88. Ka5 Bd7 89. Ba6 Be8 90. Bf1 Bd7 91. Bd3 Bc8 92. e4 Bd7 
93. exd5 cxd5 94. Bb5 Bc6 95. Kb4 d4 96. Bxc6 Kxc6 97. Kc4 d3 98. Kxd3 Kxc5 
99. Ke4 Kc4 100. Ke3 Kc5 101. Ke4 Kc6 1/2-1/2

[Event "Monday Night Engine Tour 11 Rd Swiss 5m+1s Starts at 2200hrs ST"]
[Site "Infinity Chess"]
[Date "2018.4.17"]
[Round "9"]
[White "Murx"]
[Black "star99"]
[Result "1-0 "]
[ECO "C55"]
[WhiteElo "2576"]
[BlackElo "2503"]
[WhiteEngine "asmFishW_2018-04-07_popcnt"]
[BlackEngine "Cryptic Heroes 9.4B"]
[EventType "Swiss"]
[WhiteTeam ""]
[BlackTeam ""]
[PlyCount "257"]
[TimeControl "300+1"]

1. e4 e5 2. Nf3 Nc6 3. Bc4 Nf6 4. d3 Be7 5. O-O O-O 6. Re1 d6 7. a4 Be6 
8. Nbd2 a5 9. h3 Nd7 10. c3 Bf6 11. Rb1 Nc5 12. b3 Bxc4 13. Nxc4 Ne6 14. Ne3 g6 
15. Nd5 Bg7 16. h4 Re8 17. Ng5 h6 18. Nf3 Ne7 19. h5 Nxd5 20. exd5 Nf8 
21. hxg6 f5 22. Nd2 Qf6 23. Re3 Qxg6 24. Rg3 Qf7 25. c4 Re7 26. Rh3 Nh7 
27. Nf3 f4 28. Bd2 b6 29. Qe2 Rf8 30. Re1 Ree8 31. Bc1 Nf6 32. Nd2 Qg6 
33. Ne4 Nh7 34. Kf1 Ng5 35. Rh2 Bf6 36. Qh5 Kg7 37. f3 Nxe4 38. dxe4 Qxh5 
39. Rxh5 Bg5 40. Ke2 Kg6 41. Reh1 Rg8 42. Ba3 Kf7 43. Kd3 Bf6 44. R1h2 Bg5 
45. Bb2 Kg7 46. Ba3 Rgf8 47. Rh1 Ra8 48. Kc2 Rg8 49. Bc1 Kf6 50. R5h3 Ke7 
51. Kd3 Kf7 52. Ba3 Rae8 53. Rh5 Bf6 54. R1h2 Bg5 55. Bb2 Kg6 56. Rh1 Rh8 
57. Kd2 Rhf8 58. Kd3 Rg8 59. Kc3 Kf7 60. R1h2 Kg6 61. R5h3 Kf7 62. Kc2 Rd8 
63. Kd3 Kg6 64. Rh1 Rdf8 65. Bc3 Re8 66. R3h2 Kf7 67. Rh5 Kg7 68. Rg1 Kg6 
69. Rgh1 Kf7 70. R1h2 Kg6 71. Rh1 Kf7 72. Ke2 Kg6 73. Kd1 Rh8 74. Kc2 Rhg8 
75. R5h3 Kf7 76. Kd1 Kg7 77. Kc2 Kg6 78. Rh5 Kg7 79. Rg1 Kf7 80. Kd3 Rg6 
81. Bd2 Bf6 82. Ke2 Reg8 83. Kf1 Ke8 84. g4 fxg3 85. Kg2 Bg5 86. Bxg5 hxg5 
87. Kxg3 Ke7 88. Rh7+ Kd8 89. Rgh1 g4 90. Rh8 gxf3+ 91. Kxf3 Kc8 92. Ke3 Rxh8 
93. Rxh8+ Kb7 94. Rh3 Rg4 95. Kd3 Rg8 96. Kd2 Rc8 97. Rg3 Rb8 98. Rg7 Rf8 
99. Ke3 Rh8 100. Rg3 Rd8 101. Rh3 Ra8 102. Kf3 Rg8 103. Ke2 Rf8 104. Kd3 Rg8 
105. Kc2 Rg4 106. Kd3 Rg1 107. Rh7 Rg3+ 108. Kc2 Rf3 109. Rh2 Re3 110. Rh4 Rg3 
111. Rh6 Rf3 112. Rh8 Rf2+ 113. Kd3 Rf3+ 114. Kc2 Rg3 115. Rh7 Rg2+ 116. Kc3 Ra2 
117. Rf7 Rg2 118. Rf3 Rg4 119. Kd3 Rg7 120. Re3 Rh7 121. Rf3 Rd7 122. Rg3 Rf7 
123. Kc3 Ka6 124. Rh3 Rf8 125. Kc2 Rf2+ 126. Kd3 Rf7 127. Kd2 Rg7 128. Ke3 Rd7 
129. Rh5 1-0

[Event "Monday Night Engine Tour 11 Rd Swiss 5m+1s Starts at 2200hrs ST"]
[Site "Infinity Chess"]
[Date "2018.4.16"]
[Round "8"]
[White "incredible"]
[Black "koalachess"]
[Result "1/2-1/2"]
[ECO "A15"]
[WhiteElo "2459"]
[BlackElo "2355"]
[WhiteEngine "stockfish_18041408_x64_bmi2"]
[BlackEngine "asmFishW_2018-02-02_popcnt_CTG"]
[EventType "Swiss"]
[WhiteTeam ""]
[BlackTeam ""]
[PlyCount "93"]
[TimeControl "300+1"]

1. c4 Nf6 2. d4 e6 3. g3 d5 4. Nf3 Bb4+ 5. Nbd2 dxc4 6. Bg2 b5 7. O-O O-O 
8. Ne1 c6 9. a4 Nd5 10. e4 Nb6 11. axb5 cxb5 12. e5 Nd5 13. Ne4 Be7 14. Qg4 Kh8 
15. Qh5 Nc6 16. Nc2 Bb7 17. Bg5 a6 18. Rfd1 Rb8 19. Bxe7 Qxe7 20. Nd6 Ndb4 
21. Nxb4 Nxb4 22. Bxb7 Rxb7 23. Nxb7 Qxb7 24. Ra3 Qb6 25. Qf3 a5 26. Qc3 h6 
27. b3 cxb3 28. Rxb3 Nd5 29. Qc5 Qxc5 30. dxc5 a4 31. Rxb5 Nc3 32. Rdb1 Nxb1 
33. Rxb1 Rc8 34. Rb5 a3 35. Ra5 g5 36. f4 Kg7 37. Kf2 a2 38. Rxa2 Rxc5 
39. h4 Kg6 40. hxg5 hxg5 41. Ra8 gxf4 42. gxf4 Kf5 43. Ra7 Kxf4 44. Rxf7+ Ke4 
45. Kg3 Rc1 46. Ra7 Kxe5 47. Kf3 1/2-1/2

[Event "Monday Night Engine Tour 11 Rd Swiss 5m+1s Starts at 2200hrs ST"]
[Site "Infinity Chess"]
[Date "2018.4.16"]
[Round "8"]
[White "RonWeasley"]
[Black "ocirema"]
[Result "1-0"]
[ECO "D30"]
[WhiteElo "2500"]
[BlackElo "2493"]
[WhiteEngine "BrainFish 090218_CTG"]
[BlackEngine "asmFishW_2018-04-11_popcnt_CTG"]
[EventType "Swiss"]
[WhiteTeam ""]
[BlackTeam ""]
[PlyCount "159"]
[TimeControl "300+1"]

1. d4 d5 2. c4 e6 3. Nf3 Nf6 4. Nc3 c6 5. Bg5 h6 6. Bxf6 Qxf6 7. e3 Nd7 
8. Be2 g6 9. O-O Qe7 10. e4 dxc4 11. e5 Bg7 12. Bxc4 O-O 13. Re1 b5 14. Bd3 Bb7 
15. Be4 Nb6 16. Rc1 Rac8 17. Nb1 a5 18. Qd3 a4 19. Nbd2 Rfd8 20. a3 Nd5 
21. h4 Rc7 22. g3 Bf8 23. Qe2 b4 24. Rc5 Qe8 25. Bc2 Be7 26. Ne4 Qf8 
27. Kg2 bxa3 28. bxa3 Ra8 29. Bd3 Bc8 30. h5 g5 31. Nh2 Bxc5 32. Nxc5 Bd7 
33. Ng4 Kh8 34. Qc2 Qg7 35. Rb1 Bc8 36. Nxa4 c5 37. Nxc5 Bd7 38. Be4 Bc6 
39. a4 Rcc8 40. Qd3 Rd8 41. a5 Rxa5 42. Nb7 Bxb7 43. Rxb7 Rda8 44. Qf3 Ra3 
45. Qxf7 Qxf7 46. Rxf7 R8a7 47. Nxh6 Rxf7 48. Nxf7+ Kg7 49. Nxg5 Nc7 50. g4 Kh6 
51. Nf3 Nb5 52. Bg6 Kg7 53. g5 Ra4 54. Bc2 Ra3 55. h6+ Kg8 56. Be4 Nc3 
57. Bd3 Nd5 58. Bc4 Nf4+ 59. Kg3 Ng6 60. Bxe6+ Kf8 61. Bf5 Ne7 62. Be4 Ra5 
63. Kg4 Ra7 64. g6 Nc8 65. Ng5 Re7 66. Nh7+ Ke8 67. Bd5 Kd8 68. g7 Rxg7+ 
69. hxg7 Ne7 70. Nf6 Kc7 71. Bf7 Kc6 72. Nd5 Nxd5 73. Bxd5+ Kxd5 74. g8=Q+ Kxd4 
75. e6 Kd5 76. e7+ Kd4 77. Qb3 Kc5 78. e8=Q Kd6 79. Qd8+ Kc5 80. Qdd5# 1-0

[Event "Monday Night Engine Tour 11 Rd Swiss 5m+1s Starts at 2200hrs ST"]
[Site "Infinity Chess"]
[Date "2018.4.16"]
[Round "8"]
[White "star99"]
[Black "Seliga"]
[Result "1-0"]
[ECO "D43"]
[WhiteElo "2484"]
[BlackElo "2550"]
[WhiteEngine "Cryptic Heroes 9.4B"]
[BlackEngine "SF9 ''A5''_CTG"]
[EventType "Swiss"]
[WhiteTeam ""]
[BlackTeam ""]
[PlyCount "87"]
[TimeControl "300+1"]

1. d4 d5 2. c4 e6 3. Nc3 Nf6 4. Nf3 c6 5. Bg5 h6 6. Bxf6 Qxf6 7. e3 Nd7 
8. Bd3 dxc4 9. Bxc4 g6 10. Qc2 Bg7 11. Rd1 b6 12. e4 O-O 13. e5 Qe7 14. O-O Bb7 
15. Rfe1 Rab8 16. a4 Rfd8 17. Qe2 Qb4 18. Ne4 b5 19. axb5 cxb5 20. Bd3 Nb6 
21. h4 Nc4 22. Bc2 a5 23. b3 Bxe4 24. Qxe4 Na3 25. Bd3 Qxb3 26. h5 Qd5 
27. Qf4 Rf8 28. hxg6 fxg6 29. Qh4 Nc4 30. Bxg6 Nb6 31. Qg3 Qb7 32. Nh4 Nd5 
33. Be4 Qf7 34. Ng6 Rfe8 35. Rd3 b4 36. Qg4 b3 37. Rf3 Qd7 38. Rg3 Qf7 
39. Nh4 Re7 40. Rf3 Qe8 41. Nf5 exf5 42. Qxf5 Bf8 43. Bxd5+ Kh8 44. Rh3 1-0

[Event "Monday Night Engine Tour 11 Rd Swiss 5m+1s Starts at 2200hrs ST"]
[Site "Infinity Chess"]
[Date "2018.4.16"]
[Round "8"]
[White "Victorious"]
[Black "Thor"]
[Result "1/2-1/2 "]
[ECO "C50"]
[WhiteElo "2592"]
[BlackElo "2523"]
[WhiteEngine "asmFishW_9_popcnt"]
[BlackEngine "asmFishW_2018-04-08_bmi2"]
[EventType "Swiss"]
[WhiteTeam ""]
[BlackTeam ""]
[PlyCount "240"]
[TimeControl "300+1"]

1. e4 e5 2. Nf3 Nc6 3. Bc4 Bc5 4. O-O Nf6 5. d3 d6 6. c3 O-O 7. Re1 Bb6 8. h3 h6 
9. Nbd2 a5 10. a4 Be6 11. Ra2 Re8 12. b3 Ba7 13. Bb5 Nd7 14. Nf1 Ne7 
15. Rae2 Ng6 16. Bc4 Nc5 17. Ng3 Qd7 18. Bxe6 Nxe6 19. d4 Qd8 20. Nf5 Qf6 
21. d5 Nef4 22. Rb2 Ne7 23. Nxe7+ Rxe7 24. Kh2 Ng6 25. g3 Ree8 26. Kg2 Bc5 
27. b4 Bb6 28. b5 Qe7 29. h4 Qd7 30. h5 Ne7 31. Nh4 Bc5 32. Qf3 Ba3 
33. Rbe2 Bxc1 34. Rxc1 b6 35. Rh1 Kh7 36. Nf5 Nxf5 37. exf5 Qd8 38. Qe3 Qf6 
39. Qf3 Qg5 40. Re4 Rac8 41. Rc4 Rf8 42. Re1 Rg8 43. Rc6 Kh8 44. Re4 Qe7 
45. Rec4 Rge8 46. Qg4 Qd8 47. Kf1 f6 48. Kg2 Re7 49. Re4 Qe8 50. f3 Qf7 
51. c4 Ree8 52. Re1 Qe7 53. Kh2 Rg8 54. Qh3 Rce8 55. Qg4 Qd7 56. Qg6 Rc8 
57. Kg1 Qe7 58. Re4 Rcf8 59. Kf2 Re8 60. Re2 Qd8 61. Re3 Re7 62. Qg4 Rge8 
63. Re2 Rf7 64. Rd2 Qd7 65. Rd3 Qe7 66. Re3 Ref8 67. Ke2 Rg8 68. Qh3 Rc8 
69. g4 Rff8 70. Kd3 Kh7 71. Re4 Qd7 72. Ke2 Rce8 73. Re3 Rg8 74. Re4 Rb8 
75. Kf2 Qd8 76. Re2 Rf8 77. Qg3 Re8 78. Qh3 Rc8 79. Re1 Kg8 80. Re3 Qd7 
81. Kf1 Ra8 82. Ke1 Qc8 83. Ke2 Qd7 84. Qf1 Re7 85. Qh3 Rae8 86. Kd3 Qc8 
87. Kc2 Qd7 88. Kd2 Kf7 89. Kc2 Qd8 90. Re1 Rd7 91. Qg2 Ke7 92. Kc3 Qa8 
93. Qe2 Qd8 94. Kc2 Qa8 95. Qd3 Kf7 96. Kb3 Kf8 97. Re3 Kg8 98. Kb2 Qd8 
99. Re2 Rde7 100. Kb3 Kf8 101. Kb2 Kg8 102. Qe3 Rd7 103. Kb3 Kh8 104. Re1 Ree7 
105. Qd2 Qf8 106. Re2 Qf7 107. f4 Kg8 108. Re1 Kh8 109. Re2 Kh7 110. Qd3 Kh8 
111. Kb2 Qe8 112. Re3 Qb8 113. Qf1 Qg8 114. Re4 Kh7 115. Qe2 Qf8 116. Kc3 Qe8 
117. Re3 Rd8 118. Kb2 Rdd7 119. Qc2 Kg8 120. Re4 Qd8 1/2-1/2

[Event "Monday Night Engine Tour 11 Rd Swiss 5m+1s Starts at 2200hrs ST"]
[Site "Infinity Chess"]
[Date "2018.4.16"]
[Round "8"]
[White "Deep_Impact"]
[Black "KRAKEN"]
[Result "1/2-1/2"]
[ECO "C55"]
[WhiteElo "2529"]
[BlackElo "2584"]
[WhiteEngine "asmFishW_2018-04-07_bmi2"]
[BlackEngine "Raubfisch X38b_CTG"]
[EventType "Swiss"]
[WhiteTeam ""]
[BlackTeam ""]
[PlyCount "149"]
[TimeControl "300+1"]

1. e4 e5 2. Nf3 Nc6 3. Bc4 Nf6 4. d3 Bc5 5. O-O d6 6. c3 a6 7. a4 O-O 8. Re1 h6 
9. h3 Ba7 10. Nbd2 Nh5 11. Nf1 Qf6 12. N1h2 Qg6 13. g4 Be6 14. Bb3 Nf6 
15. Nh4 Qh7 16. N2f3 Rae8 17. Bc2 g6 18. Qd2 h5 19. g5 Nd7 20. Kh2 d5 21. b4 d4 
22. Bb2 dxc3 23. Bxc3 Qg7 24. b5 Nd4 25. Nxd4 exd4 26. Bb4 Bc5 27. Bxc5 Nxc5 
28. bxa6 Nxa6 29. f4 c5 30. Rg1 c4 31. dxc4 Rd8 32. e5 Nc5 33. Bd1 Rfe8 
34. Qe2 Ra8 35. a5 Red8 36. Qe1 Rdc8 37. Bf3 Bxc4 38. f5 Re8 39. e6 Bxe6 
40. fxe6 Rxe6 41. Qf2 Qe5+ 42. Qg3 Qxg3+ 43. Rxg3 d3 44. Rgg1 Rd8 45. Ra3 Re5 
46. Bd1 Re6 47. Nf3 Ra6 48. Ne5 Re6 49. Nc4 d2 50. Ra2 Ne4 51. Bf3 Re7 
52. Ra3 Rd4 53. Ne3 Kh7 54. Nd1 Nd6 55. Ne3 Ne4 56. Rb1 h4 57. Rg1 Re5 
58. Ng4 Rb5 59. Nf6+ Nxf6 60. gxf6 g5 61. Kg2 Kg6 62. Rf1 Rb2 63. Bd1 Rd6 
64. Kg1 Rxf6 65. Rxf6+ Kxf6 66. Kf2 Ke5 67. Ke2 f5 68. Ra4 Rb5 69. Kxd2 Rd5+ 
70. Ke2 Rd4 71. Rxd4 Kxd4 72. Kd2 g4 73. hxg4 fxg4 74. Bxg4 Kc4 75. Ke1 1/2-1/2